 Dungeon Crawl Stone Soup version 0.31.0-9-g3a7656b989 (webtiles) character file.

Game seed: 7691783445713960705

106 qw the Skirmisher (level 4, 0/25 HPs)
             Began as a Deep Elf Hunter on Feb 2, 2024.
             Slain by a goblin
             ... wielding a +0 club
              (1 damage)
             ... on level 3 of the Dungeon.
             The game lasted 00:00:07 (1910 turns).

qw the Skirmisher (Deep Elf Hunter)                 Turns: 1910, Time: 00:00:08

Health: 0/25       AC:  5    Str: 10    XL:     4   Next: 55%
Magic:  6/6        EV: 11    Int: 14    God:
Gold:   121        SH:  5    Dex: 18    Spells: 3/3 levels left

rFire   . . .        a - +0 shortbow
rCold   . . .        (shield currently unavailable)
rNeg    . . .        i - +0 ring mail
rPois   .            (no helmet)
rElec   .            (no cloak)
rCorr   +            (no gloves)
SInv    .            (no boots)
Will    .....        b - amulet of reflection
Stlth   +            e - ring of resist corrosion
HPRegen 0.24/turn    (no ring)
MPRegen 0.10/turn

%: reflection
@: no status effects
A: no striking features
a: no special abilities


You were on level 3 of the Dungeon.
You visited 1 branch of the dungeon, and saw 3 of its levels.

You collected 121 gold pieces.


   Skills:
 - Level 1.5 Fighting
 + Level 8.0 Ranged Weapons
 - Level 2.4 Dodging
 - Level 1.2 Stealth


You had 3 spell levels left.
You didn't know any spells.
Your spell library was empty.

Inventory:

Hand Weapons
 a - a +0 shortbow (weapon)
Armour
 i - a +0 ring mail (worn)
Jewellery
 b - an amulet of reflection (around neck)
 e - a ring of resist corrosion (left hand)
 h - a ring of resist corrosion
Scrolls
 c - a scroll of enchant armour {unknown}
 j - a scroll of noise {unknown}
Potions
 d - a potion of might
 f - 2 potions of heal wounds {unknown}
 g - 2 potions of curing
 k - 3 potions of mutation {unknown}

Dungeon Overview and Level Annotations

Branches:
Dungeon (3/15)

Altars:


Message History

You block the goblin's attack. The hobgoblin hits you with a +0 club.
You shoot an arrow. The endoplasm quivers.
The arrow hits the hobgoblin.
You kill the hobgoblin!
The orc priest begins to cast a cantrip, but forgets the words!
The goblin hits you but does no damage.
A hobgoblin comes into view. It is wielding a +0 club.
You shoot an arrow. The arrow hits the orc.
The orc is severely wounded.
The goblin hits you but does no damage.
You shoot an arrow.
The arrow hits the orc but does no damage.
The orc is severely wounded.
The orc barely misses you. You block the orc's attack.
A hobgoblin comes into view. It is wielding a +0 club.
The goblin barely misses you. x2; The orc hits you with a +0 hand axe.
The orc hits you with a +0 whip.
You shoot an arrow. The hobgoblin shouts!
The arrow hits the orc but does no damage.
The orc is severely wounded.
You hear a shout!
You block the orc's attack. The orc hits you with a +0 whip.
The goblin barely misses you.
You shoot an arrow. The arrow hits the orc!
You kill the orc!
The goblin hits you with a +0 club.
Your Ranged Weapons skill increases to level 8!
You shoot an arrow. The arrow hits the orc!
The orc is almost dead.
The orc barely misses you. The goblin hits you but does no damage.
The endoplasm barely misses you.
You shoot an arrow.
The arrow hits the orc but does no damage.
The orc is almost dead.
The endoplasm freezes you.
You are frozen.
The orc hits you but does no damage. The goblin hits you with a +0 club.
You die...

~~~~~~~....~~~~~~~~~~~~
~~~~~~.....~~~~~~~~~~~~
~~~~~~....)~~~~~~~~~~~~
########''#############
#....# #.)..# #####
##....## .....o#g.....#
)..)ggJ@.....+
...!.g#o.)...#
########....## #....#
#....# ######


You could see an orc priest, an orc, an endoplasm, 2 hobgoblins and 2 goblins.

Vanquished Creatures
  An orc priest (D:3)
  An adder (D:2)
  A dart slug (D:1)
  A ribbon worm (D:2)
  2 orcs (D:3)
  3 endoplasms
  2 giant cockroaches (D:1)
  7 hobgoblins
  4 jackals (D:1)
  7 kobolds
  5 ball pythons
  5 bats
  4 frilled lizards
  8 goblins
  6 rats
57 creatures vanquished.

Notes
Turn   | Place    | Note
-------+----------+-------------------------------------------
     0 | D:1      | qw the Deep Elf Hunter began the quest for the Orb.
     0 | D:1      | Reached XP level 1. HP: 12/12 MP: 3/3
     0 | D:1      | 0 ||| qw: Version: 0.3-a-155-g5e7d8dd
     0 | D:1      | 0 ||| qw: Game counter: 1997
     0 | D:1      | 0 ||| qw: Melee chars always use a shield: true
     0 | D:1      | 0 ||| qw: God list: Okawaru
     0 | D:1      | 0 ||| qw: Allow faded altars: false
     0 | D:1      | 0 ||| qw: Do Orc after clearing Dungeon:15 true
     0 | D:1      | 0 ||| qw: Do second Lair branch before Depths: true
     0 | D:1      | 0 ||| qw: Lair rune preference: random
     0 | D:1      | 0 ||| qw: Goals: Normal
     0 | D:1      | 0 ||| PLANNING D:1-11
    62 | D:1      | HP: 1/12 [kobold/+0 whip (5)]
    64 | D:1      | Reached skill level 6 in Ranged Weapons
    64 | D:1      | Reached XP level 2. HP: 2/16 MP: 4/4
   374 | D:1      | Reached XP level 3. HP: 20/20 MP: 5/5
   710 | D:1      | 710 ||| UPGRADING to +0 ring mail.
   720 | D:1      | 720 ||| DROPPING +0 leather armour.
   721 | D:1      | 721 ||| DROPPING +0 robe of willpower.
   722 | D:1      | 722 ||| READING scroll labelled DOBIBO SAHAT.
   723 | D:1      | 723 ||| READING scroll labelled CEANACL TIXZU.
   724 | D:1      | 724 ||| READING scroll labelled FECVUIFFUC.
   724 | D:1      | 724 ||| IDENTIFYING red potion
   725 | D:1      | 725 ||| READING scroll labelled IRAUMA ERCHOAF.
   726 | D:1      | 726 ||| DRINKING 2 lumpy purple potions.
   727 | D:1      | 727 ||| DROPPING scroll of butterflies.
   728 | D:1      | 728 ||| DROPPING potion of brilliance.
  1184 | D:2      | Reached skill level 7 in Ranged Weapons
  1480 | D:2      | 1480 ||| UPGRADING to amulet of reflection.
  1485 | D:2      | 1485 ||| UPGRADING to ring of resist corrosion.
  1486 | D:2      | 1486 ||| READING scroll labelled ETEDOC CYSIU.
  1587 | D:2      | 1587 ||| DRINKING 2 smoky clear potions.
  1879 | D:3      | Reached XP level 4. HP: 25/25 MP: 6/6
  1907 | D:3      | HP: 6/25 [orc/+0 whip (3)]
  1909 | D:3      | Reached skill level 8 in Ranged Weapons
  1910 | D:3      | HP: 1/25 [frozen (3)]
  1910 | D:3      | Slain by a goblin

Levels and vault maps discovered:
D:1:      dpeg_arrival_rooms_b, layout_basic, minmay_heptomino_d4
D:2:      layout_basic
D:3:      minmay_goblin_kobold_castle, layout_rooms,
          hangedman_abyss_or_decor_lesser_grid, grunt_ministairs_10

Skill      XL: |  1  2  3  4 |
---------------+-------------+-----
Ranged Weapons | 6 7 8 |  8.0
Fighting       | |  1.5
Dodging        | |  2.4
Stealth        | |  1.2

Action                     |  1- 3 |  4- 6 || total
---------------------------+-------+-------++-------
   Fire: Shortbow          |   140 |    26 ||   166
    Use: Scroll            |     5 |       ||     5
         Potion            |     2 |       ||     2
 Armour: Leather armour    |    26 |       ||    26
         Ring mail         |     9 |    14 ||    23
  Dodge: Dodged            |    24 |    11 ||    35
  Block: Other             |     1 |     8 ||     9
         Reflection        |     1 |       ||     1

Table legend:
 A = Non-vault XP
 B = Vault XP
 C = Vault XP percentage of total XP
 D = Non-vault monster count
 E = Vault monster count
 F = Vault count percentage of total count
                 A         B        C        D         E       F
            +---------+---------+-------+---------+---------+-------
      Total |     132 |      20 |  13.2 |      45 |      12 |  21.1
            +---------+---------+-------+---------+---------+-------
        D:1 |      37 |       4 |   9.8 |      22 |       3 |  12.0
        D:2 |      33 |       0 |   0.0 |      11 |       0 |   0.0
        D:3 |      62 |      16 |  20.5 |      12 |       9 |  42.9
            +---------+---------+-------+---------+---------+-------
